 Dungeon Crawl Stone Soup version 0.21.0-25-ge575cb9 (webtiles) character file.

10446 microfolk the Grappler (level 11, -2/113 HPs)
             Began as a Troll Monk on Jan 24, 2018.
             Was a Priest of the Shining One.
             Slain by a nine-headed hydra (10 damage)
             ... on level 1 of the Lair of Beasts.
             The game lasted 00:30:41 (10063 turns).

microfolk the Grappler (Troll Monk)                Turns: 10063, Time: 00:30:42

Health: -2/113     AC: 10    Str: 22    XL:     11   Next: 36%
Magic:  9/12       EV: 17    Int:  6    God:    the Shining One [***...]
Gold:   457        SH:  7    Dex: 14    Spells: 7/10 levels left

rFire    . . .     SeeInvis .     - Unarmed
rCold    . . .     Gourm    +   (no shield)
rNeg     + . .     Faith    +   O - +0 troll leather armour
rPois    .         Spirit   .   (helmet restricted)
rElec    .         Reflect  .   H - +2 cloak
rCorr    .         Harm     .   (gloves unavailable)
MR       +....                  (boots unavailable)
Stlth    +.........             r - amulet of faith
HPRegen  1.08/turn              M - +3 ring of evasion
MPRegen  0.13/turn              I - ring of protection from magic

@: divine shield, glowing
A: large, unfitting armour, claws 3, fast metabolism 3, gourmand, regeneration
1, shaggy fur 1, tough skin 2
a: Divine Shield, Renounce Religion


You were on level 1 of the Lair of Beasts.
You worshipped the Shining One.
The Shining One was most pleased with you.
You were completely stuffed.

You visited 3 branches of the dungeon, and saw 12 of its levels.
You also visited: Ossuary.

You collected 457 gold pieces.

Inventory:

Hand Weapons
 F - a +0 giant club
Missiles
 c - 328 stones (quivered)
 h - 4 tomahawks
 Q - 8 javelins
Armour
 H - a +2 cloak (worn)
 O - a +0 troll leather armour (worn)
Jewellery
 l - an uncursed ring of resist corrosion
 r - an amulet of faith (around neck)
 u - an uncursed amulet of magic regeneration
 I - a ring of protection from magic (right claw)
 M - a +3 ring of evasion (left claw)
 P - an uncursed ring of ice
Wands
 w - a wand of scattershot (6)
 x - a wand of enslavement (18)
 y - a wand of flame (29)
 G - a wand of acid (5)
Scrolls
 d - a scroll of enchant weapon {unknown}
 f - 5 scrolls of teleportation
 i - 5 scrolls of enchant armour
 j - 3 scrolls of immolation
 k - a scroll of fog
 n - a scroll of random uselessness {unknown}
 p - 3 scrolls of fear
 q - 5 scrolls of remove curse
 B - a scroll of blinking {unknown}
 D - a scroll of noise {unknown}
 N - a scroll of vulnerability {unknown}
Potions
 e - 2 potions of haste
 m - 5 potions of curing
 o - 2 potions of lignification
 s - a potion of resistance
 t - 3 potions of cancellation
 v - 3 potions of invisibility
 z - 5 potions of agility
 A - 2 potions of brilliance
 C - 2 potions of flight
 E - 3 potions of heal wounds
 J - a potion of magic {unknown}
 K - a potion of might
Books
 g - a book of Misfortune

   Spells                             Type                      Level
   a - Confusing Touch                Hexes                        1
   b - Confuse                        Hexes                        3
   c - Gell's Gravitas                Translocation                3
   d - Petrify                        Transmutation/Earth          4
   e - Metabolic Englaciation         Hexes/Ice                    5
   f - Yara's Violent Unravelling     Hexes/Transmutation          5
Miscellaneous
 L - a phantom mirror
Comestibles
 a - 3 chunks of flesh
 b - 18 rations


   Skills:
 + Level 8.4 Fighting
 - Level 5.0 Throwing
 + Level 8.5 Dodging
 - Level 1.0 Stealth
 + Level 10.1 Unarmed Combat
 + Level 3.8 Invocations


You had 7 spell levels left.
You knew the following spells:

 Your Spells              Type           Power        Failure   Level  Hunger
a - Portal Projectile     Hex/Tloc       #.....       86%         3    ####...


Dungeon Overview and Level Annotations

Branches:
Dungeon (10/15)            Temple (1/1) D:7            Lair (1/6) D:10
    Orc: D:9-12

Altars:
Ashenzari
Cheibriados
Dithmenos
Elyvilon
Fedhas
Gozag
Hepliaklqana
Kikubaaqudgha
Makhleb
Nemelex Xobeh
Okawaru
Qazlal
Ru
Sif Muna
Trog
Uskayaw
Vehumet
Wu Jian
Xom
Yredelemnul
Zin
The Shining One

Annotations:
D:8 Rhok's ghost, novice TrFi
D:10 exclusion: oklob plant


Innate Abilities, Weirdness & Mutations

You are too large for most types of armour.
You have claws for hands.
Your metabolism is lightning-fast.
You like to eat raw meat.
Your natural rate of healing is unusually fast.
You are covered in fur. (AC +1)
You have very tough skin. (AC +2)


Message History

The eight-headed hydra bites you.
* * * LOW HITPOINT WARNING * * *
You block the eight-headed hydra's attack.
You tear one of the eight-headed hydra's heads off!
The seven-headed hydra grows two more!
You claw the nine-headed hydra!
The nine-headed hydra is severely wounded.
The nine-headed hydra bites you.
* * * LOW HITPOINT WARNING * * *
The nine-headed hydra bites you!
* * * LOW HITPOINT WARNING * * *
You block the nine-headed hydra's attack.
The nine-headed hydra bites you.
* * * LOW HITPOINT WARNING * * *
The nine-headed hydra bites you.
* * * LOW HITPOINT WARNING * * *
The nine-headed hydra closely misses you.
The nine-headed hydra misses you. The nine-headed hydra bites you!
* * * LOW HITPOINT WARNING * * *
The nine-headed hydra bites you!
You die...

#.........### ##......###
##....## ####..###
####....## ........## ##
.........## ###.
.###.#....## #...
##.8@##....## ##... #
#...D..##...## #....
##.#8.8.8####...####....
#........# #....##.....
...#....#######...#.....
...###.##..# #P........
..........### ###.......
###.........# #.......
#....#........##.........


You could see a nine-headed hydra.

Vanquished Creatures
  A two-headed ogre (D:10)
  A deep elf mage (D:10)
  A spiny frog (Lair:1)
  A troll (D:10)
  The ghost of Exporg the Magician, a novice DEIE of Hepliaklqana (D:5)
  Grinder (D:3)
  2 hippogriffs (Lair:1)
  3 blink frogs (Lair:1)
  A wraith (D:10)
  16 yaks (Lair:1)
  A basilisk (Lair:1)
  Duvessa (D:4)
  2 orc warriors
  An ice beast (D:9)
  A necrophage (D:9)
  A sky beast (D:9)
  2 phantoms
  5 wolves (Lair:1)
  5 ogres
  5 centaurs
  3 crocodiles
  An elf zombie (D:5)
  Blork the orc (D:6)
  A bullfrog (Lair:1)
  A wyvern zombie (D:10)
  Dowan (D:4)
  An elf skeleton (D:5)
  A wyvern skeleton (D:9)
  2 scorpions
  6 wights (D:7)
  10 killer bees
  2 howler monkeys (D:7)
  A crimson imp (D:6)
  6 orc wizards
  Crazy Yiuf (D:6)
  2 hounds (D:8)
  A bullfrog skeleton (D:10)
  A centaur skeleton (D:4)
  4 orc priests
  Jessica (D:3)
  3 human skeletons (D:5)
  An iguana (D:10)
  Ijyb (D:5)
  17 worker ants
  A killer bee zombie (D:9)
  2 hound zombies
  3 hound skeletons
  13 mummies (Ossuary)
  A worker ant zombie (D:7)
  8 adders
  3 shadow imps
  2 oozes
  An adder zombie (D:3)
  3 worms
  2 dart slugs
  6 leopard geckos
  42 orcs
  A ball python (D:3)
  4 bats
  6 giant cockroaches
  7 goblins
  7 hobgoblins
  18 jackals
  6 quokkas
  3 frilled lizards
  A giant cockroach zombie (D:5)
  2 gnoll skeletons (Ossuary)
  2 goblin skeletons (Ossuary)
  7 kobolds
  3 kobold skeletons (Ossuary)
  A leopard gecko skeleton (D:4)
  2 orc skeletons
  A quokka skeleton (D:5)
  8 rats
  11 rat skeletons (Ossuary)
298 creatures vanquished.

Vanquished Creatures (others)
  A plant (D:10)
1 creature vanquished.

Grand Total: 299 creatures vanquished

Notes
Turn   | Place    | Note
-------+----------+-------------------------------------------
     0 | D:1      | microfolk the Troll Monk began the quest for the Orb.
     0 | D:1      | Reached XP level 1. HP: 22/22 MP: 0/0
    89 | D:1      | Reached XP level 2. HP: 27/29 MP: 1/1
   472 | D:1      | Reached skill level 1 in Throwing
   606 | D:2      | Reached XP level 3. HP: 36/36 MP: 2/2
  1169 | D:3      | Reached XP level 4. HP: 36/44 MP: 3/3
  1465 | D:3      | Noticed Grinder
  1674 | D:3      | Noticed Jessica
  1689 | D:3      | Killed Jessica
  1786 | D:3      | Found a bloodstained altar of Trog.
  1799 | D:3      | Reached XP level 5. HP: 53/53 MP: 4/4
  1861 | D:3      | Killed Grinder
  1861 | D:3      | Reached skill level 4 in Unarmed Combat
  1861 | D:3      | Reached XP level 6. HP: 47/62 MP: 5/5
  2538 | D:4      | Reached XP level 7. HP: 66/68 MP: 6/6
  2914 | D:4      | Noticed Duvessa
  2915 | D:4      | Noticed Dowan
  2978 | D:4      | Killed Duvessa
  2978 | D:4      | Reached skill level 5 in Unarmed Combat
  3123 | D:4      | Killed Dowan
  3169 | D:5      | Entered Level 5 of the Dungeon
  3230 | D:5      | Reached XP level 8. HP: 50/79 MP: 7/7
  3270 | D:5      | Noticed Ijyb
  3276 | D:5      | Killed Ijyb
  3312 | D:5      | Found a shimmering altar of Xom.
  3475 | D:5      | Noticed Exporg's ghost (novice DEIE)
  3554 | D:5      | Killed Exporg's ghost
  3554 | D:5      | Reached skill level 5 in Fighting
  3554 | D:5      | Reached skill level 5 in Dodging
  3554 | D:5      | Reached skill level 6 in Unarmed Combat
  3635 | D:5      | Found a sand-covered staircase.
  3651 | Ossuary  | Entered an ossuary
  3904 | Ossuary  | Reached skill level 5 in Throwing
  4314 | D:6      | Noticed Blork the orc
  4355 | D:6      | Killed Blork the orc
  4355 | D:6      | Reached XP level 9. HP: 77/88 MP: 8/8
  4462 | D:6      | Found a shattered altar of Ashenzari.
  4818 | D:6      | Reached skill level 7 in Unarmed Combat
  5219 | D:6      | Found a runed door.
  5223 | D:6      | Noticed Crazy Yiuf
  5227 | D:6      | Killed Crazy Yiuf
  5736 | D:7      | Found a staircase to the Ecumenical Temple.
  6007 | Temple   | Entered the Ecumenical Temple
  6277 | Temple   | Became a worshipper of the Shining One
  6277 | Temple   | Reached * piety under the Shining One
  6277 | Temple   | Reached ** piety under the Shining One
  6451 | D:8      | Noticed Rhok's ghost (novice TrFi)
  6703 | D:8      | Reached skill level 8 in Unarmed Combat
  7646 | D:9      | Reached XP level 10. HP: 100/100 MP: 9/9
  7691 | D:9      | Found a radiant altar of Vehumet.
  8105 | D:9      | Learned a level 3 spell: Portal Projectile
  8267 | D:10     | Entered Level 10 of the Dungeon
  8423 | D:10     | Noticed a two-headed ogre
  8428 | D:10     | Killed a two-headed ogre
  8489 | D:10     | Found a burning altar of Makhleb.
  8545 | D:10     | Reached skill level 9 in Unarmed Combat
  8835 | D:10     | Noticed a two-headed ogre
  8836 | D:10     | Noticed a two-headed ogre
  8836 | D:10     | Noticed a deep elf mage
  9011 | D:10     | Killed a deep elf mage
  9011 | D:10     | Reached skill level 1 in Invocations
  9103 | D:10     | Reached *** piety under the Shining One
  9185 | D:10     | Found a staircase to the Lair.
  9185 | D:10     | Noticed an oklob plant
  9195 | Lair:1   | Entered Level 1 of the Lair of Beasts
  9512 | Lair:1   | Reached XP level 11. HP: 104/111 MP: 11/11
  9676 | Lair:1   | Noticed a five-headed hydra
  9752 | Lair:1   | Reached skill level 10 in Unarmed Combat
 10063 | Lair:1   | Slain by a nine-headed hydra

Skill      XL: |  1  2  3  4  5  6  7  8  9 10 11 |
---------------+----------------------------------+-----
Throwing       | 1 2 3 4 5 |  5.0
Fighting       | 3 4 5 6 8 |  8.4
Dodging        | 3 4 5 6 8 |  8.5
Unarmed Combat | 4 5 6 8 9 10 | 10.1
Invocations    | 2 3 |  3.8
Stealth        | |  1.0

Action                   |  1- 3 |  4- 6 |  7- 9 | 10-12 || total
-------------------------+-------+-------+-------+-------++-------
Melee: Unarmed           |   115 |   140 |   488 |   204 ||   947
       Punch             |     1 |     2 |    23 |     7 ||    33
Throw: Stone             |     7 |    31 |    84 |       ||   122
Invok: Divine Shield     |       |       |       |     2 ||     2
Evoke: Wand              |       |       |       |     4 ||     4
  Use: Scroll            |     2 |       |    16 |     2 ||    20
       Potion            |       |       |       |     1 ||     1
 Stab: Sleeping          |     1 |     1 |     4 |       ||     6
       Distracted        |       |       |     1 |       ||     1
  Eat: Chunk             |    16 |    13 |    47 |    22 ||    98
Armor: Robe              |    32 |    36 |    88 |    30 ||   186
       Troll leather arm |       |       |       |    15 ||    15
Dodge: Dodged            |    55 |    62 |   235 |   161 ||   513
Block: Other             |       |       |       |    10 ||    10
